AoeStats
← JAEC

Oasis

510086655Analyzed
3v3 RM · 4d ago on Sep 29, 2026· 50m 43s· 6 players
Game mode
Random Map
Map size
Normal (6 player)
Population
200
Speed
Normal
Resources
Standard
Victory
Conquest
Starting age
Dark Age
Ending age
Imperial Age
RankedLock teamsTeams togetherTeam positionsShared explorationLock speedFull tech treeHidden civsTurbo modeCheats
Victory
Defeat
🇦🇺 Poles · Australia
896
+15
🇹🇼 Chinese · Taiwan
895
+15
🇹🇷 Magyars · Türkiye
889
+16
🇫🇷 Persians · France
937
-18
🇻🇪 Cumans · Venezuela
878
-15
🇻🇪 Mongols · Venezuela
832
-13
Burger King
0:44 Loom
12:32 Feudal Age
12:55 Horse Collar
13:15 Stone Mining
13:15 Double-Bit Axe
20:15 Castle Age
19:05 Forging
20:23 Bloodlines
21:54 Heavy Plow
22:49 Stone Shaft Mining
22:37 Bow Saw
22:47 Gold Mining
24:52 Wheelbarrow
25:22 Szlachta Privileges
25:52 Hand Cart
27:08 Husbandry
29:50 Scale Barding Armor
32:21 Imperial Age
30:54 Iron Casting
33:24 Chain Barding Armor
32:31 Light Cavalry
32:45 Capped Ram
34:35 Crop Rotation
33:28 Cavalier
34:28 Siege Ram
38:04 Blast Furnace
37:18 Winged Hussar
38:23 Conscription
38:24 Caravan
39:01 Siege Engineers
45:20 Lechitic Legacy
Fingolfin
0:28 Loom
10:02 Feudal Age
12:42 Double-Bit Axe
20:34 Castle Age
21:06 Wheelbarrow
23:55 Horse Collar
24:51 Bow Saw
28:59 Town Watch
30:48 Gold Mining
31:39 Fletching
32:52 Hand Cart
33:03 Heavy Plow
32:42 Pikeman
37:28 Imperial Age
35:44 Bodkin Arrow
36:13 Ballistics
36:04 Masonry
37:22 Padded Archer Armor
37:23 Scale Mail Armor
37:29 Scale Barding Armor
37:31 Husbandry
37:43 Bloodlines
37:20 Arson
36:57 Elite Skirmisher
37:44 Corvinian Army
37:53 Stone Mining
38:39 Gold Shaft Mining
38:35 Conscription
38:53 Bracer
39:09 Leather Archer Armor
39:56 Chain Barding Armor
40:21 Recurve Bow
42:01 Ring Archer Armor
42:03 Parthian Tactics
41:40 Heavy Cavalry Archer
44:14 Chemistry
43:51 Plate Barding Armor
46:10 Chain Mail Armor
隆隆
1:51 Loom
11:45 Feudal Age
12:41 Double-Bit Axe
20:32 Castle Age
19:04 Fletching
19:08 Gold Mining
19:44 Stone Mining
19:37 Horse Collar
22:23 Bow Saw
22:59 Heavy Plow
23:38 Wheelbarrow
23:36 Bodkin Arrow
28:24 Padded Archer Armor
32:01 Imperial Age
31:26 Gold Shaft Mining
31:05 Town Watch
31:43 Great Wall
32:24 Masonry
32:25 Fortified Wall
32:10 Murder Holes
32:49 Hand Cart
32:54 Leather Archer Armor
32:09 Pikeman
32:49 Squires
34:26 Two-Man Saw
34:10 Conscription
34:32 Architecture
34:24 Ballistics
35:05 Chemistry
35:51 Town Patrol
35:26 Halberdier
36:13 Bracer
36:10 Elite Chu Ko Nu
37:00 Caravan
37:50 Ring Archer Armor
37:33 Forging
38:01 Guard Tower
37:56 Arrowslits
43:18 Arson
rtxron99ti
13:37 Feudal Age
15:05 Wheelbarrow
15:20 Loom
18:39 Castle Age
21:44 Horse Collar
25:27 Stone Mining
29:07 Hand Cart
34:00 Imperial Age
34:06 Capped Ram
36:09 Fortified Wall
36:19 Ballistics
37:00 Chemistry
35:55 Murder Holes
35:25 Siege Ram
36:50 Husbandry
38:08 Caravan
37:41 Elite Mangudai
39:23 Scale Barding Armor
39:29 Forging
39:10 Fletching
39:20 Padded Archer Armor
42:45 Iron Casting
42:05 Bodkin Arrow
42:26 Leather Archer Armor
42:31 Chain Barding Armor
43:19 Bloodlines
43:17 Thumb Ring
43:38 Parthian Tactics
45:27 Blast Furnace
47:36 Bracer
uselessplayer
5:31 Loom
12:38 Feudal Age
14:29 Town Watch
18:12 Castle Age
17:30 Double-Bit Axe
17:26 Horse Collar
19:24 Bow Saw
19:23 Heavy Plow
22:18 Wheelbarrow
28:58 Hand Cart
29:21 Gold Mining
29:24 Stone Mining
32:29 Imperial Age
35:05 Forging
35:59 Guilds
36:20 Coinage
37:00 Two-Man Saw
36:31 Crop Rotation
36:37 Gold Shaft Mining
36:45 Stone Shaft Mining
36:41 Bloodlines
36:31 Husbandry
39:11 Cavalier
39:12 Light Cavalry
40:39 Scale Barding Armor
41:53 Chain Barding Armor
42:08 Iron Casting
40:56 Savar
42:44 Banking
43:20 Hussar
46:12 Plate Barding Armor
46:38 Blast Furnace
49:33 Fletching
49:43 Padded Archer Armor
50:15 Bodkin Arrow
50:42 Ballistics
51:31 Chemistry
50:48 Leather Archer Armor
49:54 Elite Skirmisher
JAEC
12:18 Feudal Age
10:37 Loom
12:22 Feudal Age
14:19 Wheelbarrow
13:32 Double-Bit Axe
17:06 Town Watch
22:35 Castle Age
22:47 Horse Collar
25:24 Bow Saw
26:01 Hand Cart
28:22 Imperial Age
26:57 Gold Mining
27:18 Town Watch
28:43 Heavy Plow
29:20 Hand Cart
29:54 Stone Mining
31:48 Two-Man Saw
31:32 Crop Rotation
32:21 Gold Shaft Mining
33:09 Town Patrol
32:41 Elite Steppe Lancer
33:42 Scale Barding Armor
33:57 Capped Ram
35:19 Bloodlines
36:16 Conscription
36:23 Chain Barding Armor
36:13 Forging
37:56 Steppe Husbandry
38:13 Caravan
40:40 Scale Mail Armor
44:44 Iron Casting
44:24 Chain Mail Armor
44:44 Iron Casting
47:51 Pikeman
Connection lost

Rejoining the realm…

Still unreachable

The connection could not be restored.

Session expired

The server has moved on; the page needs a fresh start.